 Dungeon Crawl Stone Soup version 0.28.0 (webtiles) character file.

Game seed: 13547666035987452244

243097 pkoi the Fencer (level 18, 0/161 HPs)
             Began as a Minotaur Fighter on Feb 16, 2022.
             Was the Champion of Okawaru.
             Slain by a deep troll (10 damage)
             ... led by an ironbound preserver
             ... on level 1 of the Vaults on Feb 17, 2022.
             The game lasted 01:16:02 (41032 turns).

pkoi the Fencer (Minotaur Fighter)                 Turns: 41032, Time: 01:16:03

Health: 0/161      AC: 44    Str: 30    XL:     18   Next: 69%
Magic:  26/26      EV: 11    Int:  7    God:    Okawaru [******]
Gold:   473        SH: 14    Dex: 11    Spells: 19/21 levels left

rFire   + . .      SeeInvis .   a - +10 long sword "Ywov" {spect, rC+ rN++}
rCold   + + .      Faith    .   e - +2 kite shield {AC+3}
rNeg    + + +      Spirit   .   C - +15 Maxwell's patent armour {-Cast -Tele rElec Will+ rCorr}
rPois   +          Reflect  .   V - +2 hat of Insurance {rPois rCorr Str+4}
rElec   +          Harm     .   l - scarf {rC+ rF+}
rCorr   +          Rampage  .   S - +2 pair of gloves of Umiwonaj {Slay+3}
Will    +++..      NoTele   +   O - +2 pair of boots
Stlth   .......... NoCast   +   I - macabre finger necklace {rN+}
HPRegen 1.16/turn               R - ring of flight
MPRegen 0.20/turn               y - ring of willpower
                                z - ring of positive energy

@: flying, studying Evocations
A: horns 2, retaliatory headbutt, poison resistance, regeneration 1
}: 2/15 runes: decaying, serpentine
a: Renounce Religion, Heroism, Finesse, Duel


You were on level 1 of the Vaults.
You worshipped Okawaru.
Okawaru was exalted by your worship.
You visited 9 branches of the dungeon, and saw 35 of its levels.
You also visited: Ice Cave.

You collected 3608 gold pieces.
You spent 3135 gold pieces at shops.

Inventory:

Hand Weapons
 a - the +10 long sword "Ywov" (weapon) {spect, rC+ rN++}
   (You found it on level 3 of the Snake Pit)

   When its wielder attacks, the weapon's spirit leaps out and strikes again.
   The spirit shares a part of any damage it takes with its wielder.
   rC:        It protects you from cold.
   rN:        It greatly protects you from negative energy.
 b - the +9 hand crossbow "Koast" {freeze, rElec rC++ Will+ Int+3}
   (You bought it in a shop on level 2 of the Orcish Mines)

   Any ammunition fired from it freezes those it strikes, dealing additional
   cold damage.
   It can also slow down cold-blooded creatures.
   Int:       It affects your intelligence (+3).
   rC:        It greatly protects you from cold.
   rElec:     It insulates you from electricity.
   Will:      It increases your willpower.
 J - a +2 double sword of holy wrath
 L - a +4 scimitar of flaming
Missiles
 M - 491 bolts
 U - 9 curare-tipped darts
Armour
 e - a +2 kite shield of protection (worn)
 l - a scarf of resistance (worn)
 C - the +15 Maxwell's patent armour (worn) {-Cast -Tele rElec Will+ rCorr}
   (Okawaru gifted it to you on level 10 of the Dungeon)

   rElec:     It insulates you from electricity.
   -Cast:     It prevents spellcasting.
   -Tele:     It prevents most forms of teleportation.
   rCorr:     It protects you from acid and corrosion.
   Will:      It increases your willpower.
 O - a +2 pair of boots (worn)
 S - the +2 pair of gloves of Umiwonaj (worn) {Slay+3}
   (Okawaru gifted it to you on level 15 of the Dungeon)

   Slay:      It affects your accuracy & damage with ranged weapons and melee
   (+3).
 V - the +2 hat of Insurance (worn) {rPois rCorr Str+4}
   (Okawaru gifted it to you on level 3 of the Swamp)

   Str:       It affects your strength (+4).
   rPois:     It protects you from poison.
   rCorr:     It protects you from acid and corrosion.
Jewellery
 m - a ring of fire
 o - a ring of ice
 w - a ring of resist corrosion
 y - a ring of willpower (right hand)
 z - a ring of positive energy (on amulet)
 F - a +6 ring of strength
 I - the macabre finger necklace (around neck) {rN+}
   (You found it on level 6 of the Lair of Beasts)

   [amulet of nothing]

   It enables you to equip an extra ring.
   rN:        It protects you from negative energy.
 P - a ring of see invisible
 R - a ring of flight (left hand)
Wands
 p - a wand of iceblast (19)
 r - a wand of polymorph (11)
 s - a wand of paralysis (11)
 B - a wand of flame (41) (quivered)
 K - a wand of acid (3)
Scrolls
 c - a scroll of magic mapping
 g - 6 scrolls of fear
 h - 6 scrolls of enchant weapon
 j - 9 scrolls of identify
 k - 3 scrolls of fog
 q - 6 scrolls of enchant armour
 t - 12 scrolls of teleportation
 v - 4 scrolls of amnesia
 D - a scroll of brand weapon
 E - a scroll of holy word
 Q - 3 scrolls of blinking
 T - a scroll of silence
Potions
 d - 5 potions of might
 f - 8 potions of heal wounds
 i - 4 potions of cancellation
 n - 2 potions of invisibility {unknown}
 u - a potion of berserk rage
 x - 8 potions of curing
 A - a potion of ambrosia
 G - 3 potions of brilliance
 H - 2 potions of haste
 N - a potion of magic


   Skills:
 - Level 14.7 Fighting
 + Level 16.4 Long Blades
 - Level 10.0 Crossbows
 - Level 15.9 Armour
 - Level 11.6 Dodging
 - Level 12.9 Shields
 - Level 16.1 Unarmed Combat
 - Level 2.1 Spellcasting
 - Level 2.3 Translocations
 - Level 12.0 Invocations
 + Level 13.6 Evocations


You had 19 spell levels left.
You knew the following spells:

 Your Spells              Type           Power      Damage    Failure   Level
a - Blink                 Tloc           8%         N/A       91%         2

Your spell library contained the following spells:

 Spells                   Type           Power      Damage    Failure   Level
 Pain                     Necr           0%         1d4       98%         1
 Slow                     Hex            0%         N/A       98%         1
 Ensorcelled Hibernation  Hex/Ice        0%         N/A       99%         2
 Static Discharge         Conj/Air       0%         N/A       99%         2
 Sublimation of Blood     Necr           0%         N/A       99%         2
 Lesser Beckoning         Tloc           4%         N/A       99%         3
 Confusing Touch          Hex            0%         N/A       100%        3
 Dazzling Flash           Conj/Hex       0%         N/A       100%        3
 Ignite Poison            Fire/Tmut/Pois 0%         N/A       100%        3
 Mephitic Cloud           Conj/Pois/Air  0%         N/A       100%        3
 Spider Form              Tmut/Pois      0%         N/A       100%        3
 Stone Arrow              Conj/Erth      0%         3d7       100%        3
 Vampiric Draining        Necr           0%         2d6       100%        3
 Anguish                  Hex/Necr       0%         N/A       100%        4
 Dispel Undead            Necr           0%         3d6       100%        4
 Hailstorm                Conj/Ice       0%         3d3       100%        4
 Ice Form                 Ice/Tmut       0%         N/A       100%        4
 Iskenderun's Mystic Bla  Conj/Tloc      2%         2d3       100%        4
 Petrify                  Tmut/Erth      0%         N/A       100%        4
 Sticky Flame             Conj/Fire      0%         2d3       100%        4
 Alistair's Intoxication  Tmut/Pois      0%         N/A       100%        5
 Borgnjor's Vile Clutch   Necr/Erth      0%         N/A       100%        5
 Freezing Cloud           Conj/Ice/Air   0%         6-21      100%        5
 Irradiate                Conj/Tmut      0%         3d14      100%        5
 Lee's Rapid Deconstruct  Erth           0%         3d5*      100%        5
 Manifold Assault         Tloc           4%         N/A       100%        5
 Conjure Ball Lightning   Conj/Air       0%         3x3d6     100%        6
 Dispersal                Tloc           2%         N/A       100%        6
 Starburst                Conj/Fire      0%         6d3       100%        6
 Statue Form              Tmut/Erth      0%         N/A       100%        6
 Dragon Form              Tmut           0%         N/A       100%        7
 Storm Form               Tmut/Air       0%         N/A       100%        7
 Discord                  Hex            0%         N/A       100%        8
 Disjunction              Tloc           2%         N/A       100%        8
 Lehudib's Crystal Spear  Conj/Erth      0%         10d2      100%        8
 Maxwell's Capacitive Co  Air            0%         ∞         100%        8
 Animate Skeleton         Necr           Unusable   N/A       N/A         1
 Animate Armour           Summ/Erth      Unusable   N/A       N/A         4
 Animate Dead             Necr           Unusable   N/A       N/A         4
 Summon Lightning Spire   Summ/Air       Unusable   N/A       N/A         4
 Death Channel            Necr           Unusable   N/A       N/A         6
 Simulacrum               Ice/Necr       Unusable   N/A       N/A         6

Dungeon Overview and Level Annotations

Branches:
Dungeon (15/15)            Temple (1/1) D:4            Lair (6/6) D:8
  Swamp (4/4) Lair:2        Snake (4/4) Lair:3        Slime (0/5) Lair:5
    Orc (2/2) D:11            Elf (1/3) Orc:2        Vaults (1/5) D:13
 Depths (1/4) D:15          IceCv (visited)

Altars:
Ashenzari
Cheibriados
Dithmenos
Elyvilon
Fedhas
Gozag
Hepliaklqana
Kikubaaqudgha
Makhleb
Nemelex Xobeh
Okawaru
Qazlal
Ru
Sif Muna
Trog
Uskayaw
Vehumet
Wu Jian
Xom
Yredelemnul
Zin
The Shining One
Beogh

Shops:
D:14 [**:!   Orc:2 ([*:   Snake:3 !:?   Snake:4 :*

Annotations:
Lair:3 1 runed translucent door, Fuxod's ghost, journeyman GnWn
Lair:5 exclusion: 4 oklob plants


Innate Abilities, Weirdness & Mutations

You have a pair of horns on your head.
You reflexively headbutt those who attack you in melee.
Your system is resistant to poisons. (rPois)
Your natural rate of healing is unusually fast.


Message History

The tengu reaver pecks you but does no damage.
You block the tengu reaver's attack.
You slice the deep troll!! Your headbutt misses the deep troll.
The deep troll is almost dead.
Your +10 long sword "Ywov" {spect, rC+ rN++} hits the deep troll!
You kill the deep troll!
Okawaru accepts your kill.
The ironbound convoker hits you but does no damage.
Unknown command.
You slash the ironbound convoker!
You kill the ironbound convoker!
Okawaru accepts your kill.
The tengu reaver hits you with a +1 dire flail of draining.
* * * LOW HITPOINT WARNING * * *
The tengu reaver pecks you but does no damage.
The tengu reaver claws you!
* * * LOW HITPOINT WARNING * * *
Unknown command.
You slice the ironbound convoker!!
You kill the ironbound convoker!
Okawaru accepts your kill.
The tengu reaver hits you with a +1 dire flail of draining!
* * * LOW HITPOINT WARNING * * *
You block the tengu reaver's attack. x2
Unknown command.
You slice the deep troll!!
The deep troll is heavily wounded.
Your +10 long sword "Ywov" {spect, rC+ rN++} hits the deep troll!
The deep troll bites you.
* * * LOW HITPOINT WARNING * * *
You block the deep troll's attack.
The deep troll claws you but does no damage.
The tengu reaver casts a spell at you. The bolt of lightning hits you!
You resist.
* * * LOW HITPOINT WARNING * * *
You closely miss the deep troll.
The deep troll is severely wounded.
Your +10 long sword "Ywov" {spect, rC+ rN++} hits the deep troll!
You block the deep troll's attack. The deep troll claws you!
You die...

......#...........#.....
......#...........#.....
......#...........'..... .....
#...........#.....
......#...........#.....
.....p#...........#.....
......#...........#..... .
......#§§.........#..... ...
......#@(.........#.....
.....##########QT.........#.....
..p...........§§§.........######
................................
................................
################################


You could see a tengu reaver (strong), an ironbound frostheart, a deep troll
(strong) and a friendly +10 long sword "Ywov" {spect, rC+ rN++} (summoned).

Vanquished Creatures
  the Lernaean hydra (Swamp:4)
  Nikola (Snake:2)
  Asterion (Lair:3)
  A walking crystal tome (Depths:1)
  2 thorn hunters
  2 storm dragons
  4 nagarajas (Snake:4)
  2 fenstrider witches
  A fire giant (Depths:1)
  2 frost giants (Depths:1)
  Aizul (Snake:1)
  A vault warden (Vaults:1)
  The ghost of Ykec Esm the Carver, a journeyman DrWn of Ashenzari (Swamp:1)
  The ghost of Foxy the Peltast, an adept GrFi of the Shining One (Swamp:1)
  An orc warlord (Orc:2)
  2 very ugly things (IceCv)
  A war gargoyle (Vaults:1)
  An ironbound thunderhulk (Vaults:1)
  3 eleionomae
  6 bunyips
  A dire elephant (Lair:6)
  4 ettins
  Josephine (D:10)
  A shambling mangrove (Swamp:3)
  9 naga warriors
  2 fire dragons
  A great orb of eyes (Depths:1)
  A vault guard (Vaults:1)
  2 ghost crabs
  7 salamander tyrants
  A yaktaur captain (D:13)
  A boulder beetle (D:8)
  A peacekeeper (Vaults:1)
  A spriggan air mage (Swamp:2)
  23 hydras
  9 anacondas
  3 centaur warriors
  An ice dragon (Depths:1)
  An ogre mage (D:12)
  A catoblepas (Lair:6)
  6 two-headed ogres
  6 alligators
  5 death yaks (Lair:6)
  6 tengu warriors
  2 deep troll shamans (D:15)
  7 shock serpents
  8 spriggans
  18 naga sharpshooters
  Nergalle (D:10)
  5 orc high priests
  2 skeletal warriors
  A spriggan druid (Swamp:2)
  2 salamander mystics (Snake:4)
  The ghost of Ekaitz the Firebug, a novice DsFE of Sif Muna (D:8)
  3 goliath frogs
  3 deep trolls (Vaults:1)
  4 naga ritualists
  A deep elf archer (D:12)
  3 wizards
  6 bog bodies
  2 ironbound convokers (Vaults:1)
  Pikel (D:5)
  A wolf spider zombie (D:15)
  2 lindwurms (Lair:6)
  10 swamp dragons
  2 orange crystal statues (IceCv)
  A necromancer (D:15)
  6 orc knights
  6 mana vipers
  A harpy (shapeshifter) (D:15)
  A deep elf zephyrmancer (Orc:2)
  6 orc sorcerers
  5 deep elf pyromancers
  A wolf spider (D:15)
  4 cyclopes
  17 ugly things
  7 manticores
  An oklob plant (Lair:3)
  18 salamanders
  5 elephants (Lair:6)
  2 will-o-the-wisps
  A vault sentinel (Vaults:1)
  Maurice (D:9)
  7 guardian serpents
  14 naga magi
  A torpor snail (Lair:6)
  2 gargoyles
  34 black mambas
  A cane toad (shapeshifter) (D:12)
  14 cane toads
  6 rime drakes
  7 freezing wraiths
  2 yaktaurs (D:13)
  An anaconda simulacrum (IceCv)
  11 komodo dragons
  2 efreet (D:12)
  4 golden dragon simulacra (IceCv)
  A tengu conjurer (D:15)
  A bloated husk (Swamp:2)
  5 trolls
  11 tyrant leeches
  12 hornets
  15 blink frogs
  18 slime creatures
  16 dream sheep
  An air elemental (Orc:2)
  A centaur simulacrum (D:15)
  9 wraiths
  A vampire (D:12)
  50 yaks
  7 basilisks
  6 wyverns
  2 steam dragons (D:9)
  A redback simulacrum (D:13)
  21 swamp worms
  3 wargs
  Edmund (D:5)
  43 nagas
  20 vampire mosquitoes
  A harpy simulacrum (IceCv)
  3 acid dragons
  11 water moccasins
  44 orc warriors
  3 hydra simulacra (IceCv)
  10 swamp drakes
  A sky beast (D:8)
  2 black bears (Lair:4)
  2 alligator simulacra (IceCv)
  A necrophage (D:5)
  7 ogres
  7 centaurs
  14 wolves
  A lemure (D:5)
  2 kobold brigands
  11 bullfrogs
  A gnoll sergeant (D:9)
  A wyvern skeleton (D:6)
  A water moccasin skeleton (D:4)
  5 lindwurm simulacra (IceCv)
  5 killer bees
  15 electric eels
  A bullfrog zombie (D:5)
  3 howler monkeys
  A lava snake (Lair:6)
  6 centaur zombies
  3 centaur skeletons
  A hound (D:5)
  3 jellies
  2 bullfrog skeletons
  26 orc priests
  Jessica (D:2)
  8 iguanas
  2 gnoll shamans
  24 orc wizards
  A killer bee zombie (D:8)
  A hound skeleton (D:5)
  Robin (D:1)
  14 gnolls
  6 adders
  2 shadow imps
  A white imp (D:6)
  3 worms
  3 dart slugs
  98 orcs
  5 ball pythons
  5 bats
  10 endoplasms
  2 giant cockroaches (D:1)
  10 hobgoblins
  3 jackals (D:2)
  6 quokkas
  2 frilled lizards
  25 goblins
  14 kobolds
  4 rats
1093 creatures vanquished.

Vanquished Creatures (others)
  A swamp dragon (Swamp:3)
  2 naga magi (Snake:1)
  3 bloated husks
  A spriggan (Swamp:3)
  An orc wizard (Orc:2)
  2 gnolls (D:9)
  An orc (Orc:2)
  3 briar patches
  2 bushes (Lair:6)
  8 foxfires
  24 fungi
  57 plants
  6 withered plants (Swamp:1)
111 creatures vanquished.

Grand Total: 1204 creatures vanquished

Notes
Turn   | Place    | Note
-------+----------+-------------------------------------------
     0 | D:1      | pkoi the Minotaur Fighter began the quest for the Orb.
     0 | D:1      | Reached XP level 1. HP: 19/19 MP: 0/0
     1 | D:1      | Got the Handbook of Earth and Stolen Souls
   292 | D:1      | Reached XP level 2. HP: 25/27 MP: 1/1
   394 | D:1      | Found a faded altar of an unknown god.
   762 | D:2      | Reached XP level 3. HP: 33/33 MP: 2/2
   776 | D:2      | Noticed Robin
  1030 | D:1      | Killed Robin
  1109 | D:2      | Noticed Jessica
  1118 | D:2      | Killed Jessica
  1119 | D:2      | Reached XP level 4. HP: 38/40 MP: 3/3
  1716 | D:2      | Identified a scroll of acquirement
  1716 | D:2      | Acquired a manual of Unarmed Combat
  1818 | D:2      | Reached XP level 5. HP: 47/47 MP: 4/4
  2299 | D:3      | Reached skill level 1 in Unarmed Combat
  2393 | D:3      | Found a sacrificial altar of Ru.
  2450 | D:3      | Became a worshipper of Ru the Awakened
  3376 | D:4      | Found a staircase to the Ecumenical Temple.
  3385 | Temple   | Entered the Ecumenical Temple
  3613 | Temple   | Fell from the grace of Ru
  3613 | Temple   | Became a worshipper of Warmaster Okawaru
  3994 | D:4      | Reached XP level 6. HP: 51/55 MP: 5/5
  4053 | D:5      | Entered Level 5 of the Dungeon
  4148 | D:5      | Reached skill level 5 in Shields
  4212 | D:5      | Reached skill level 5 in Fighting
  4212 | D:5      | Reached skill level 5 in Armour
  4447 | D:5      | Reached skill level 5 in Long Blades
  4604 | D:5      | Reached * piety under Okawaru
  4610 | D:5      | Reached XP level 7. HP: 41/61 MP: 4/6
  5434 | D:5      | Found a glowing golden altar of the Shining One.
  5434 | D:5      | Found a hazy altar of Hepliaklqana.
  5695 | D:6      | Reached skill level 1 in Invocations
  5776 | D:6      | Gained mutation: Your system is resistant to poisons.
                  | (rPois) [potion of mutation]
  5776 | D:6      | Gained mutation: Your natural rate of healing is unusually
                  | fast. [potion of mutation]
  5782 | D:6      | Reached skill level 5 in Unarmed Combat
  5782 | D:6      | Reached XP level 8. HP: 34/70 MP: 2/8
  5842 | D:6      | Noticed Edmund
  5843 | D:6      | Noticed Pikel
  5908 | D:5      | Killed Edmund
  5959 | D:5      | Killed Pikel
  5959 | D:5      | Reached ** piety under Okawaru
  5960 | D:5      | Reached skill level 1 in Dodging
  6293 | D:6      | Reached XP level 9. HP: 78/78 MP: 10/10
  6362 | D:6      | Found the +7 staff of the Meek {protect, meekguard}
  7130 | D:8      | Found a runed translucent gate.
  7130 | D:8      | Found a runed translucent gate.
  7130 | D:8      | Found a runed translucent gate.
  7133 | D:8      | Found an opulent altar of Gozag.
  7133 | D:8      | Noticed a cyclops
  7133 | D:8      | Noticed a tengu warrior
  7134 | D:8      | Noticed Ekaitz's ghost (novice DsFE)
  7134 | D:8      | Noticed a boulder beetle
  7185 | D:8      | Reached *** piety under Okawaru
  7554 | D:8      | Found a staircase to the Lair.
  7790 | D:8      | Reached XP level 10. HP: 88/88 MP: 9/12
  7936 | D:9      | Noticed a two-headed ogre
  7946 | D:9      | Killed a two-headed ogre
  7946 | D:9      | Reached **** piety under Okawaru
  8025 | D:9      | Noticed Maurice
  8081 | D:9      | Killed Maurice
  8251 | D:9      | Reached ***** piety under Okawaru
  8252 | D:9      | Reached skill level 5 in Dodging
  8252 | D:9      | Reached skill level 5 in Invocations
  9117 | D:10     | Entered Level 10 of the Dungeon
  9241 | D:10     | Noticed a deep elf pyromancer
  9253 | D:10     | Reached skill level 1 in Evocations
  9304 | D:10     | Killed a deep elf pyromancer
  9495 | D:10     | Noticed Nergalle
  9502 | D:10     | Killed Nergalle
  9503 | D:10     | Reached XP level 11. HP: 95/95 MP: 11/14
  9646 | D:10     | Noticed a tengu warrior
  9646 | D:10     | Noticed a tengu warrior
  9670 | D:10     | Killed a tengu warrior
  9670 | D:10     | Received a gift from Okawaru
  9679 | D:10     | Killed a tengu warrior
  9680 | D:10     | Reached skill level 10 in Unarmed Combat
  9770 | D:10     | Noticed a two-headed ogre
  9779 | D:10     | Killed a two-headed ogre
  9823 | D:10     | Received a gift from Okawaru
  9823 | D:10     | Found the +15 Maxwell's patent armour {-Cast -Tele rElec
                  | Will+ rCorr}
  9971 | D:10     | Noticed Josephine
  9999 | D:10     | Killed Josephine
 10137 | D:11     | Noticed a two-headed ogre
 10146 | D:11     | Killed a two-headed ogre
 10308 | Lair:1   | Entered Level 1 of the Lair of Beasts
 10410 | Lair:1   | Reached skill level 10 in Fighting
 10477 | Lair:1   | Reached skill level 10 in Armour
 10595 | Lair:1   | Reached XP level 12. HP: 99/106 MP: 14/16
 11126 | Lair:2   | Received a gift from Okawaru
 11381 | Lair:2   | Found a staircase to the Swamp.
 11391 | Lair:2   | Reached skill level 10 in Long Blades
 11545 | Lair:2   | Noticed a seven-headed hydra
 11552 | Lair:2   | Killed a ten-headed hydra
 12028 | Lair:3   | Noticed a six-headed hydra
 12037 | Lair:3   | Killed a nine-headed hydra
 12037 | Lair:3   | Reached ****** piety under Okawaru
 12038 | Lair:3   | Reached skill level 5 in Evocations
 12269 | Lair:3   | Found a runed translucent door.
 12270 | Lair:3   | Noticed Fuxod's ghost (journeyman GnWn)
 12318 | Lair:3   | Received a gift from Okawaru
 12580 | Lair:3   | Found a staircase to the Snake Pit.
 12618 | Lair:3   | Noticed a five-headed hydra
 12628 | Lair:3   | Killed an 11-headed hydra
 12752 | Lair:3   | Found a burning altar of Makhleb.
 13096 | Lair:4   | Noticed a six-headed hydra
 13109 | Lair:4   | Killed a 12-headed hydra
 13250 | Lair:4   | Noticed a seven-headed hydra
 13261 | Lair:4   | Killed an 11-headed hydra
 13262 | Lair:4   | Reached XP level 13. HP: 93/116 MP: 14/18
 13526 | Lair:4   | Received a gift from Okawaru
 14556 | Lair:5   | Found a staircase to the Slime Pits.
 14868 | Lair:6   | Entered Level 6 of the Lair of Beasts
 15497 | Lair:6   | Noticed a fire dragon
 15511 | Lair:6   | Killed a fire dragon
 15511 | Lair:6   | Received a gift from Okawaru
 15511 | Lair:6   | Found the +11 plutonium sword {Contam Stlth-}
 15751 | Lair:6   | Noticed a dire elephant
 15796 | Lair:6   | Killed a dire elephant
 16030 | Lair:6   | Identified the +1 robe of the Saviour {rElec rN+ Will+}
                  | (Okawaru gifted it to you on level 6 of the Lair of Beasts)
 16030 | Lair:6   | Received a gift from Okawaru
 16031 | Lair:6   | Reached XP level 14. HP: 110/127 MP: 14/20
 16078 | Lair:6   | Found the macabre finger necklace {rN+}
 16458 | Lair:6   | Reached skill level 10 in Shields
 16968 | D:8      | Killed Ekaitz's ghost
 17230 | D:11     | Reached skill level 15 in Unarmed Combat
 17410 | D:11     | Found a staircase to the Orcish Mines.
 17793 | D:12     | Found a hide-covered altar of Uskayaw.
 17990 | D:12     | Identified the +2 ring mail "Wahaemn" {rCorr Int+3 Stlth+}
                  | (Okawaru gifted it to you on level 12 of the Dungeon)
 17990 | D:12     | Received a gift from Okawaru
 18013 | D:12     | Noticed a storm dragon
 18034 | D:12     | Killed a storm dragon
 18052 | D:12     | Reached skill level 10 in Invocations
 18869 | D:12     | Got Sif Muna's Compendium of Transmigration and Snow
 19600 | D:13     | Identified the +3 scale mail of Nuem Hos {Dex+4}
 19881 | D:13     | Reached XP level 15. HP: 132/136 MP: 18/21
 19908 | D:13     | Found a gate to the Vaults.
 20119 | Orc:1    | Entered Level 1 of the Orcish Mines
 20611 | Orc:2    | Entered Level 2 of the Orcish Mines
 21514 | Orc:2    | Received a gift from Okawaru
 22346 | Orc:2    | Noticed an orc warlord
 22513 | Orc:2    | Killed an orc warlord
 22738 | Orc:2    | Found Qeppaorid's General Store.
 22739 | Orc:2    | Found Xiniwoh's Book Boutique.
 22748 | Orc:2    | Found Suiweis's Antique Armour Shop.
 22748 | Orc:2    | Found Orour's Antique Weapon Shop.
 22754 | Orc:2    | Bought the +9 hand crossbow "Koast" {freeze, rElec rC++
                  | Will+ Int+3} for 1515 gold pieces
 22769 | Orc:2    | Learned a level 2 spell: Blink
 23111 | Orc:2    | Found a staircase to the Elven Halls.
 24725 | Elf:1    | Entered Level 1 of the Elven Halls
 24734 | Orc:2    | Paralysed by an air elemental for 1 turns
 24738 | Orc:2    | Paralysed by an air elemental for 1 turns
 25155 | Swamp:1  | Entered Level 1 of the Swamp
 25160 | Lair:2   | Reached skill level 1 in Crossbows
 25645 | Swamp:1  | Identified the +5 scale mail of Volat {Harm Fly Will+
                  | Dex-3}
 25901 | Swamp:1  | Found a runed translucent gate.
 25902 | Swamp:1  | Found a runed translucent gate.
 25903 | Swamp:1  | Found a runed translucent gate.
 25904 | Swamp:1  | Noticed Ykec Esm's ghost (journeyman DrWn)
 25906 | Swamp:1  | Noticed Foxy's ghost (adept GrFi)
 26344 | Swamp:1  | Killed Foxy's ghost
 26344 | Swamp:1  | Identified the +2 scale mail of Valiance {Will+} (Okawaru
                  | gifted it to you on level 1 of the Swamp)
 26344 | Swamp:1  | Received a gift from Okawaru
 26357 | Swamp:1  | Killed Ykec Esm's ghost
 27050 | Swamp:2  | Noticed a thorn hunter
 27060 | Swamp:2  | Reached XP level 16. HP: 105/146 MP: 20/23
 27074 | Swamp:2  | HP: 1/146 [tyrant leech[a spriggan druid] (32)]
 27079 | Swamp:2  | Killed a thorn hunter
 28035 | D:14     | Found Alifuw's Distillery.
 28043 | D:14     | Bought a potion of berserk rage for 70 gold pieces
 28043 | D:14     | Bought a potion of heal wounds for 70 gold pieces
 28059 | D:14     | Found Zujovim's General Store.
 28098 | D:14     | Found Asiheoqe's General Store.
 28239 | D:14     | Found Rofeoneg's Book Shoppe.
 28356 | D:14     | Found Pyatoumn's Antique Armour Shop.
 28765 | D:15     | Entered Level 15 of the Dungeon
 29533 | D:15     | Identified the +2 pair of gloves of Umiwonaj {Slay+3}
                  | (Okawaru gifted it to you on level 15 of the Dungeon)
 29533 | D:15     | Received a gift from Okawaru
 29619 | D:15     | Found a staircase to the Depths.
 30007 | Snake:1  | Entered Level 1 of the Snake Pit
 30218 | Snake:1  | Noticed Aizul
 30239 | Snake:1  | Killed Aizul
 30240 | Snake:1  | Reached skill level 5 in Crossbows
 30241 | Snake:1  | Noticed Asterion
 30243 | Snake:1  | Reached skill level 10 in Dodging
 30270 | Lair:3   | Killed Asterion
 30387 | Snake:1  | You fall into a shaft and drop 1 floor!
 30414 | Snake:2  | Found an ancient bone altar of Kikubaaqudgha.
 30670 | Snake:2  | Identified the +0 helmet "Ymoet" {rElec rPois rC-}
 30672 | Snake:2  | Found a frozen archway.
 30684 | IceCv    | Entered an ice cave
 31862 | Snake:1  | Noticed Nikola
 31907 | Snake:2  | Killed Nikola
 32018 | Snake:1  | Received a gift from Okawaru
 32018 | Snake:1  | Found the +7 Kryia's mail coat {PotionHeal*2 rC+}
 32175 | Snake:1  | Reached XP level 17. HP: 148/152 MP: 24/24
 32195 | Snake:1  | Reached skill level 15 in Armour
 32676 | Snake:2  | Identified the +2 leather armour of the Kettle-Drum {-Tele
                  | rC++}
 32724 | Snake:2  | Reached skill level 10 in Evocations
 33778 | Snake:3  | Reached skill level 15 in Long Blades
 33951 | Snake:3  | Identified the +10 long sword "Ywov" {spect, rC+ rN++}
 34416 | Snake:3  | Found Sitti's Magic Scroll Emporium.
 34418 | Snake:3  | Found Jueh's Book Shoppe.
 34420 | Snake:3  | Found Kauzen Arof's Distillery.
 34424 | Snake:3  | Bought a scroll of blinking for 120 gold pieces
 34578 | Snake:3  | Identified the +0 falchion of Gallantry {drain, rF+}
 35148 | Snake:3  | Bought a manual of Evocations for 1360 gold pieces
 35211 | Snake:4  | Entered Level 4 of the Snake Pit
 35406 | Snake:4  | Received a gift from Okawaru
 35571 | Snake:4  | Reached skill level 1 in Translocations
 35611 | Snake:4  | Reached skill level 1 in Spellcasting
 35828 | Snake:4  | Found Pesopowk's Assorted Antiques.
 35832 | Snake:4  | Found Miohoh's Book Boutique.
 36110 | Snake:4  | Received a gift from Okawaru
 36371 | Snake:4  | Received a gift from Okawaru
 36821 | Snake:4  | Got a serpentine rune of Zot
 36886 | Snake:4  | Received a gift from Okawaru
 36986 | Snake:4  | Received a gift from Okawaru
 37344 | Swamp:3  | Reached XP level 18. HP: 117/161 MP: 26/26
 37556 | Swamp:3  | Identified the +2 hat of Insurance {rPois rCorr Str+4}
                  | (Okawaru gifted it to you on level 3 of the Swamp)
 37556 | Swamp:3  | Received a gift from Okawaru
 37656 | Swamp:3  | Found a hazy altar of Hepliaklqana.
 37932 | Swamp:4  | Entered Level 4 of the Swamp
 38529 | Swamp:4  | Noticed the 27-headed Lernaean hydra
 38596 | Swamp:4  | Killed the 23-headed Lernaean hydra
 38776 | Swamp:4  | Got a decaying rune of Zot
 39151 | Depths:1 | Entered Level 1 of the Depths
 39362 | Depths:1 | Reached skill level 10 in Crossbows
 39411 | Depths:1 | Noticed a walking crystal tome
 39421 | Depths:1 | Killed a walking crystal tome
 39872 | D:15     | Identified the +2 scale mail "Citsalirgh" {rPois} (Okawaru
                  | gifted it to you on level 15 of the Dungeon)
 39872 | D:15     | Received a gift from Okawaru
 40539 | Vaults:1 | Entered Level 1 of the Vaults
 41032 | Vaults:1 | Slain by a deep troll

Illustrated notes

Levels and vault maps discovered:
D:1:      lightli_arrival_noodles, layout_loops_ring, basic_ecumenical_altar,
          ebering_dispersal_statue_hall
D:2:      layout_basic, minmay_goblin_outpost, uniq_jessica, uniq_robin
D:3:      layout_loops_ring, lemuel_doored_altar
D:4:      layout_basic, minmay_temple_entry_poolview
D:5:      layout_loops_cross, jmf_multi_god_temple
D:6:      layout_cave_pools, pf_guarded_unrand_meek, uniq_edmund, uniq_pikel
D:7:      layout_rooms
D:8:      layout_cave_pods, grunt_lair_entry_orc_guard_hut, ebering_ghost_gozag
D:9:      layout_basic, uniq_maurice
D:10:     layout_small_grid, blue_anna_alchemist, uniq_josephine, uniq_nergalle
D:11:     layout_gridville, orc_0_dummy, corner_web_ring
D:12:     evilmike_diamond_2, layout_stronghold, nicolae_uskayaw_dance_hall
D:13:     layout_long_grid, david_vaults_2
D:14:     layout_irregular_city, serial_shops,
          nicolae_shop_temple_entry_statues_fountains, shop_coins, shop,
          nicolae_stop_n_shop_1, shop, minmay_tree_intersection
D:15:     grunt_enter_depths_magical_seal, layout_rooms, minmay_fountain_box
Temple:   mainiacjoe_temple_bowtie_tessellation
Lair:1:   layout_roguey, grunt_megastairs_3
Lair:2:   layout_regular_city, minmay_swamp_entry_worms,
          chequers_serial_rivers_small_b, infiniplex_staircase_pool,
          grunt_megastairs_4
Lair:3:   layout_roguey, minmay_snake_entry_guardpost_small,
          ebering_ghost_inner_flame, lemuel_oklob_altar
Lair:4:   layout_long_grid, nicolae_quartered_pool_super, serial_bayou_lagoon_b,
          lemuel_fruit_tree
Lair:5:   layout_concentric_octagons, minmay_slime_entry_oklob_enclosed
Lair:6:   guppyfry_lair_end_dragon, layout_gridlike, hangedman_lair_in_review
Swamp:1:  layout_basic_swamp, gammafunk_ghost_cemetery, serial_swamp_ruin,
          evilmike_swamp_ruin_rubble_2, evilmike_swamp_ruin_house_3,
          swamp_pool2, nicolae_swamp_stuck_in_the_mud
Swamp:2:  layout_basic_swamp, evilmike_swamp_ruin_house_4, swamp_pool2,
          st_swamp_ruins_2
Swamp:3:  layout_falls_marsh, lemuel_altar_in_water
Swamp:4:  swamp_old_school, layout_basic_swamp, swamp_pool1
Snake:1:  layout_onion_interference, uniq_aizul, uniq_nikola, uniq_asterion
Snake:2:  nicolae_snake_shooting_gallery, layout_onion_interference,
          portal_ice_cave_entry_horrid_things, basic_altar
Snake:3:  layout_gridlike, hangedman_snake_corridor_cut, minmay_shop_star
Snake:4:  grunt_snake_rune_pools, layout_gridlike, special_room,
          minmay_shoptagon, grunt_megastairs_5
Orc:1:    layout_diamond_mine, basic_altar
Orc:2:    st_orc_congregation, layout_caves, minmay_orc_temple_a
Elf:1:    elf_arrival_002, layout_onion_city, serial_shops,
          nicolae_take_the_stairs, hangedman_elf_represent, uniq_roxanne,
          uniq_kirke
Vaults:1: hangedman_vaults_pinch, ontoclasm_vaults_fault, vaults_room_corners,
          v_alt_pattern_4, vaults_room_large_hall, v_pattern_2,
          vaults_mumra_hex, hangedman_vaults_slice,
          nicolae_vaults_border_crossing, layout_vaults_chaotic_city
Depths:1: minmay_the_grid_four_pointed_star_mashed
          [minmay_the_grid_triangle_9x9_semitri,
          minmay_the_grid_triangle_9x9_skeleton,
          minmay_the_grid_triangle_9x9_limited_checkers,
          minmay_the_grid_triangle_9x9_fully_insulated_deathbox,
          minmay_the_grid_prize_big_room], layout_cross, grunt_metal_band,
          grunt_pan_entry_spiral, minmay_crystal_room,
          hellmonk_guarded_unrand_rift

Skill      XL: |  1  2  3  4  5  6  7  8  9 10 11 12 13 14 15 16 17 18 |
---------------+-------------------------------------------------------+-----
Long Blades    | 3 4 5 6 7 8 9 10 12 13 14 15 16 | 16.4
Fighting       | 4 5 6 7 8 10 11 12 13 14 | 14.7
Shields        | 4 5 6 7 8 9 11 12 | 12.9
Armour         | 4 5 6 7 8 10 11 12 13 14 15 | 15.9
Unarmed Combat | 2 3 5 6 8 9 11 13 14 15 16 | 16.1
Invocations    | 1 3 4 5 6 8 9 10 11 12 | 12.0
Dodging        | 2 4 5 6 7 9 10 11 | 11.6
Evocations     | 1 3 5 6 7 8 9 11 13 | 13.6
Crossbows      | 3 6 8 10 | 10.0
Translocations | 2 |  2.3
Spellcasting   | 1 2 |  2.1

Action                   |  1- 3 |  4- 6 |  7- 9 | 10-12 | 13-15 | 16-18 || total
-------------------------+-------+-------+-------+-------+-------+-------++-------
Melee: Long sword        |    77 |   154 |   296 |   429 |       |   538 ||  1494
       Headbutt          |     8 |    27 |    55 |   121 |   317 |   342 ||   870
       Short sword       |       |    25 |       |       |       |       ||    25
       Double sword      |       |       |       |   204 |  1348 |   636 ||  2188
       Scimitar          |       |       |       |       |    29 |    49 ||    78
 Fire: Hand crossbow     |       |       |       |       |     8 |    81 ||    89
Invok: Heroism           |       |       |     7 |    18 |    22 |     8 ||    55
       Finesse           |       |       |       |       |     1 |     4 ||     5
Evoke: Wand              |       |       |       |    17 |     9 |    12 ||    38
  Use: Scroll            |       |     2 |     6 |     8 |     6 |     2 ||    24
       Potion            |       |       |     4 |     1 |       |     1 ||     6
 Stab: Petrified         |       |       |       |       |     6 |       ||     6
       Confused          |       |       |       |       |     1 |       ||     1
       Distracted        |       |       |       |       |       |     6 ||     6
Armor: Scale mail        |    38 |    31 |    83 |   117 |       |       ||   269
       Plate armour      |       |    47 |    76 |   311 |  1033 |   875 ||  2342
       Skin              |       |       |     6 |       |       |       ||     6
Dodge: Dodged            |    32 |    59 |   147 |   285 |   583 |   489 ||  1595
Block: Buckler           |     9 |    51 |    65 |   180 |   424 |    63 ||   792
       Kite shield       |       |       |       |       |       |   752 ||   752
